Cogmind - Beta 10.1 @@@ ROGUE MODE // 2020.09.22 @ 01:14:47 Player: Morgweiler Result: Destroyed by as-90633 with Assembled Heavy Rifle Performance ------------- Evolutions (0) 0 Regions Visited (2) 400 Robots Destroyed (41) 205 Value Destroyed (719) 719 Prototype IDs (2) 40 Alien Tech Used (0) 0 Bonus (0) 0 TOTAL SCORE: 1364 Bonus ------- None Cogmind --------- Core Integrity 0/250 Matter 300/300 Energy 125/125 System Corruption 0% Temperature Cool (0) Movement Walking (150) Ox1 Location -10/Mines Parts ------- > --- POWER (1) -------- Light Ion Engine > --- PROPULSION (2) --- Aluminum Leg Aluminum Leg > --- UTILITY (2) ------ Large Storage Unit Targeting Computer > --- WEAPON (2) ------- EM Pulse Gun Heavy Assault Rifle > --- INVENTORY (10) --- Light Ion Engine Light Treads Light Treads Aluminum Leg Heat Sink Large Storage Unit Particle Gun Mining Laser Peak State ------------ > --- POWER ------------ Light Ion Engine > --- PROPULSION ------- Aluminum Leg Aluminum Leg > --- UTILITY ---------- Large Storage Unit Improved Terrain Scanner > --- WEAPON ----------- Assault Rifle Light Assault Rifle > --- INVENTORY -------- Light Treads Light Treads Aluminum Leg Heat Sink Large Storage Unit Medium Laser Beam Cannon Beam Cannon Light Cannon Mining Laser [Rating: 9] Favorites ----------- Power Light Ion Engine Engine Light Ion Engine Propulsion Aluminum Leg Leg Aluminum Leg Utility Large Storage Unit Device Improved Terrain Scanner Storage Large Storage Unit Processor Targeting Computer Weapon Assault Rifle Energy Gun EM Pulse Gun Ballistic Gun Assault Rifle Ballistic Cannon Light Cannon Build | -11 -10 -10 ------- Run | Scr Mat Min Slots Evolved . | . . . Power . | . . . Propulsion . | . . . Utility . | . . . Weapon . | . . . Parts Attached 29 | 8 13 8 Power 6 | 1 4 1 Engine 6 | 1 4 1 Core . | . . . Reactor . | . . . Propulsion 9 | 2 5 2 Treads . | . . . Leg 9 | 2 5 2 Wheel . | . . . Hover . | . . . Flight . | . . . Utility 5 | 2 2 1 Device 1 | 1 . . Storage 2 | 1 1 . Processor 2 | . 1 1 Hackware . | . . . Protection . | . . . Artifact . | . . . Weapon 9 | 3 2 4 Energy Gun 3 | . . 3 Energy Cannon . | . . . Ballistic Gun 5 | 3 1 1 Ballistic Cannon 1 | . 1 . Launcher . | . . . Special Weapon . | . . . Impact Weapon . | . . . Slashing Weapon . | . . . Piercing Weapon . | . . . Special Melee Weapon . | . . . Unidentified Prototypes . | . . . Parts Lost 2 | . 1 1 Power 1 | . 1 . Propulsion . | . . . Utility . | . . . Weapon 1 | . . 1 Highest Loss Streak 1 | . 1 1 Average Slot Usage (%) 99 | . 99 100 Engine 13 | . 13 14 Leg 28 | . 28 28 Device 7 | . 10 . Storage 14 | . 14 14 Processor 6 | . 3 14 Energy Gun 7 | . . 23 Ballistic Gun 15 | . 21 1 Ballistic Cannon 5 | . 6 3 Naked Turns . | . . . Heaviest Build 27 | 12 27 26 Greatest Support 20 | 20 20 20 Greatest Overweight (x) 1 | . 1 1 Average Overweight (x) . | . . 1 Largest Inventory Capacity 10 | 6 10 10 Average Capacity 9 | 5 9 10 Most Carried 10 | 6 10 10 Average Carried 8 | 4 8 9 Final Capacity 10 | 6 10 10 Final Carried 10 | 5 10 8 Class Distribution -------------------- 85% | Mutant 14% | Scavenger-Mutant Dominant Class ---------------- Mutant | -10/Materials Mutant | -10/Mines Resources | -11 -10 -10 ----------- Run | Scr Mat Min Matter Collected 1078 | 262 700 116 Remotely . | . . . Salvage Created 1393 | 41 1085 267 Parts 85 | 8 62 15 Haulers Intercepted 1 | . 1 . Recyclers Shooed 5 | . 5 . Parts Field Recycled . | . . . Retrieved Matter . | . . . Parts Self-Destructed . | . . . Prevented . | . . . Kills | -11 -10 -10 ------- Run | Scr Mat Min Combat Hostiles Destroyed 21 | . 14 7 Guns 15 | . 10 5 Cannons 6 | . 4 2 Classes Destroyed 9 | 1 7 1 Worker 8 | . 8 . Builder 4 | . 2 2 Tunneler 2 | 2 . . Hauler 1 | . 1 . Recycler 3 | . 3 . Watcher 2 | . 2 . Swarmer 3 | . 3 . Grunt 15 | . 11 4 Assembled 3 | . . 3 Best Kill Streak 6 | 2 6 4 Combat Bots Only 3 | . 3 2 Max Kills in Single Turn 1 | 1 1 1 Gunslinging . | . . . Exploded . | . . . Melee . | . . . Uniques/NPCs Destroyed . | . . . Combat | -11 -10 -10 -------- Run | Scr Mat Min Damage Taken 991 | . 668 323 Core 255 | . 178 77 Absorbed by Shields . | . . . Core Remaining (%) 100 | 100 . . Volleys Fired 126 | 6 93 27 Largest 2 | 2 2 2 Hottest 80 | 40 55 80 Shots Fired 252 | 12 186 54 Gun 219 | 12 159 48 Cannon 33 | . 27 6 Launcher . | . . . Special . | . . . Kinetic 208 | 12 186 10 Thermal . | . . . Explosive . | . . . Electromagnetic 44 | . . 44 Robot Hit Streak 13 | 2 13 9 Robot Miss Streak 4 | 2 4 2 Penetration Max . | . . . Secondary Targets 1 | . 1 . Max Gunslinging Chain 1 | . 1 . Shots Hit Robots 162 | 6 120 36 Core Hits 68 | 2 50 16 Critical Hits 1 | . 1 . Critical Kills . | . . . Critical Parts Destroyed 1 | . 1 . Melee Attacks . | . . . Impact . | . . . Slashing . | . . . Piercing . | . . . Sneak Attacks . | . . . Combat Hostiles . | . . . Follow-up Attacks . | . . . Damage Inflicted 2099 | 60 1483 556 Guns 1657 | 60 1208 389 Cannons 378 | . 275 103 Explosions 64 | . . 64 Melee . | . . . Ramming . | . . . Kinetic 1700 | 60 1483 157 Thermal 64 | . . 64 Explosive . | . . . Electromagnetic 335 | . . 335 Impact . | . . . Slashing . | . . . Piercing . | . . . Highest Corruption . | . . . Average Corruption . | . . . Corruption Purged . | . . . Overload Shots . | . . . Overflow Damage 32 | . . 32 Projectiles 8 | . . 8 Explosions 24 | . . 24 Melee . | . . . Knockbacks 4 | . 3 1 Impact . | . . . Kinetic 3 | . 2 1 Secondary 1 | . 1 . Self-Inflicted Damage . | . . . Shots . | . . . Rammed . | . . . Targets Rammed . | . . . Kicked . | . . . Crushed . | . . . Highest Temperature 241 | . 27 241 Average Temperature 55 | . 7 82 Received Heat Transfer 542 | . 339 203 Effects 1 | . . 1 Energy Bleed 1 | . . 1 Siege Activations . | . . . Robots Corrupted . | . . . Combat Hostiles . | . . . Parts Fried 1 | . . 1 Impact Corruptions . | . . . Robots Melted . | . . . Combat Hostiles . | . . . Parts Melted 1 | . . 1 Heat Transferred 50 | . . 50 Parts Sabotaged . | . . . Parts Stolen . | . . . Parts Stripped . | . . . Power Chain Reactions 1 | . . 1 Missiles Intercepted . | . . . Alert | -11 -10 -10 ------- Run | Scr Mat Min Peak Influence 228 | 10 228 159 Initial 29 | . 6 29 Average 82 | 4 100 59 Maximum Alert Level 1 | . 1 . Low Security (%) 99 | 100 98 100 Level 1 . | . 1 . Level 2 . | . . . Level 3 . | . . . Level 4 . | . . . Level 5 . | . . . High Security . | . . . Max Security . | . . . Squads Dispatched 4 | . 4 . Investigation 3 | . 3 . Extermination . | . . . Reinforcement 1 | . 1 . Assault . | . . . Garrison . | . . . Intercept . | . . . Construction Impeded . | . . . Haulers Reinforced . | . . . Stealth | -11 -10 -10 --------- Run | Scr Mat Min Distress Signals 1 | . 1 . Communications Jammed . | . . . Distress Signals . | . . . Times Spotted 30 | . 21 9 Peak Tracking Total 4 | . 4 2 Tactical Retreats . | . . . Traps | -11 -10 -10 ------- Run | Scr Mat Min Traps Triggered 2 | . 2 . Indirectly . | . . . Trap Hack Attempts . | . . . Triggered . | . . . Disarmed . | . . . Reprogrammed . | . . . Reused . | . . . Traps Extracted . | . . . Installed . | . . . Triggered . | . . . Machines | -11 -10 -10 ---------- Run | Scr Mat Min Machines Disabled 3 | . . 3 Max in Single Turn 1 | . . 1 Machines Sabotaged . | . . . Garrisons Compromised . | . . . Overloaded Fab Kills . | . . . Fab Network Shutdowns . | . . . Hacking | -11 -10 -10 --------- Run | Scr Mat Min Machines Accessed 5 | . 5 . Terminals 3 | . 3 . Fabricators . | . . . Repair Stations . | . . . Recycling Units 2 | . 2 . Scanalyzers . | . . . Garrison Access . | . . . Total Hacks 19 | . 19 . Successful 6 | . 6 . Failed 13 | . 13 . Catastrophic . | . . . Database Lockouts . | . . . Manual . | . . . Terminals 15 | . 15 . Fabricators . | . . . Repair Stations . | . . . Recycling Units 4 | . 4 . Scanalyzers . | . . . Garrison Access . | . . . Terminal Hacks 4 | . 4 . Prototype ID Bank 1 | . 1 . Locate Traps 1 | . 1 . Assault Status 1 | . 1 . Zone Layout 1 | . 1 . Fabricator Hacks . | . . . Repair Station Hacks . | . . . Recycling Unit Hacks 2 | . 2 . Retrieve Components 2 | . 2 . Scanalyzer . | . . . Garrison Access Hacks . | . . . Unauthorized Hacks . | . . . Terminals . | . . . Fabricators . | . . . Repair Stations . | . . . Recycling Units . | . . . Scanalyzers . | . . . Garrison Access . | . . . Data Cores Recovered . | . . . Used . | . . . Hacking Detections 4 | . 4 . Full Trace Events 1 | . 1 . Feedback Events . | . . . Feedback Blocked . | . . . Robot Schematics Acquired . | . . . Robots Built . | . . . Matter . | . . . Time . | . . . Total Robot Build Rating . | . . . Part Schematics Acquired . | . . . Parts Built . | . . . Matter . | . . . Time . | . . . Total Part Build Rating . | . . . Parts Repaired . | . . . Time . | . . . Parts Recycled . | . . . Recycled Matter . | . . . Retrieved Matter . | . . . Retrieved Components 8 | . 8 . Parts Scanalyzed . | . . . Part Schematics Acquired . | . . . Parts Damaged . | . . . Bothacking | -11 -10 -10 ------------ Run | Scr Mat Min Used RIF Installer . | . . . Robots Hacked . | . . . Non-combat . | . . . Combat . | . . . Robot Hacks Applied . | . . . Relay Couplers Released . | . . . Robots Rewired . | . . . Allies Hacked . | . . . Hacks Repelled . | . . . Allies | -11 -10 -10 -------- Run | Scr Mat Min Total Allies . | . . . Largest Group . | . . . Highest-Rated Group . | . . . Highest-Rated Ally . | . . . Total Orders . | . . . Ally Attacks . | . . . Total Damage . | . . . Kills . | . . . Allies Corrupted . | . . . Allies Melted . | . . . Intel | -11 -10 -10 ------- Run | Scr Mat Min Robot Analysis Total . | . . . Derelict Logs Recovered 1 | . . 1 Drone Launches . | . . . Drone Recoveries . | . . . Exploration | -11 -10 -10 ------------- Run | Scr Mat Min Turns Passed 1916 | 109 1224 583 Spaces Moved 943 | 62 572 309 Core 12 | 12 . . Treads . | . . . Legs 931 | 50 572 309 Wheels . | . . . Hover . | . . . Flight . | . . . Fastest Speed 50 | 50 120 150 Average Speed 146 | 106 148 150 Slowest Speed 150 | 120 150 150 Overloaded Moves . | . . . Propulsion Burnouts . | . . . Robots Hopped . | . . . Cave-ins Triggered . | . . . Exploration Rate (%) 40 | 4 67 50 Regions Visited 2 Branch Regions 1 Pre-discovered Areas . | . . . Known Exits Taken . | . . . Unknown Exits Taken 2 | 1 1 . Scrap Searched 1 | . . 1 Spaces Dug . | . . . Terrain Destroyed . | . . . Melee . | . . . Projectile . | . . . AOE . | . . . Terrain Rammed . | . . . Walls Destroyed . | . . . Machines Disabled . | . . . Actions | -11 -10 -10 --------- Run | Scr Mat Min Total 1236 | 90 770 376 Wait 91 | 7 66 18 Move 941 | 61 571 309 Hop . | . . . Pick Up 21 | 6 12 3 Fast Attach 8 | 7 1 . Attach 1 | . . 1 Detach . | . . . Swap 20 | 1 12 7 Drop 24 | 2 15 7 Fire 126 | 6 93 27 Melee . | . . . Ram . | . . . Kick . | . . . Crush . | . . . Escape Stasis . | . . . Rewire 4 | . . 4 Trap . | . . . Miscellaneous . | . . . Route ------- -11/Scrapyard -10/Materials (discovered 2 exits: [*Mat] / [*Min]) -10/Mines (discovered 1 exit: [*Mat]) History --------- Turn | Location | Event 10 | -11/Scrapyard | Discovered new exit (range 16) 110 | -11/Scrapyard | Entered Materials 315 | -10/Materials | Build established: Mutant 638 | -10/Materials | Discovered new exit (range 8) 742 | -10/Materials | Core integrity fell below 50% 1129 | -10/Materials | Discovered new exit (range 14) 1334 | -10/Materials | Entered Mines 1359 | -10/Mines | Met a Derelict bent on vengeance 1409 | -10/Mines | Discovered new exit (range 8) 1439 | -10/Mines | Joined a pair of Derelicts in attacking an 0b10 outpost 1515 | -10/Mines | Found a hidden stash of uninstalled traps 1568 | -10/Mines | Assembled infested the area 1795 | -10/Mines | Core integrity fell below 20% 1917 | -10/Mines | Destroyed by as-90633 with Assembled Heavy Rifle Last Messages --------------- 01683_ U-05 Engineer lays Concrete. 01694_ U-05 Engineer destroyed. 01701_ Acquired 10 matter. 01713_ Dropped Ion Engine. 01715_ Dropped Aluminum Leg. 01720_ Acquired 10 matter. 01794_ as-45065 destroyed. 01804_ A derelict emerges from the shadows: "What are you doing alone down here?" 01806_ GY-WO3(g): "Well, at least you look like you can take care of yourself!" 01806_ K-01 Serf collects debris. 01808_ GY-WO3(g): "I have the funny feeling that things are about to get a lot worse around here, see you around!" 01808_ GY-WO3(g) slips back into the shadows. 01819_ K-01 Serf collects debris. 01876_ as-51977 destroyed. 01897_ as-54086 destroyed. 01911_ Acquired 10 matter. 01912_ Dropped EM Pulse Gun. Map ----- +----------------------------------------------------+ | | | | | | | | | | | | | | | | | | | ?????????????????????????????????????????????????? | | ?????????????????????????????????????????????????? | | ???#########?????????????????????????????????????? | | ??## ## ##????????????????????????????????????? | | ### #????????????????????????????????????? | | ######???????????????????????????????? | | #???????????????????????????????? | | # #### #???????????????????????????????? | | ## ##??# #??#####????????????????????????? | | ?# ######???# #??# ?????????????????????????? | | ?## ##????????# #### #??????????????????????????? | | ??####?????????# %%#?????????#####????????????? | | #??????????????###### ##????????# ?????????????? | | ##??????????????# #????????# ??????????????? | | #??????????????#""" #????????# #??????????????? | | #??????????????#" !##########!#??????????????? | | ##??####???????#" =%!%@%%!!|*a%#??????????????? | | #### ##??????# ![##########[#??????????????? | | #??????#" =%=#????????# #??????????????? | | ## #??????#" #????????# ###????????????? | | ?## ##??????#""" #????????# #????????????? | | ??## ##???????# #????????### #????????????? | | ???#####????????########??????????# #????????????? | | ??????????????????????????????????# #????????????? | | ????????????????????????????????### #????????????? | | ?????????????#####??????????????# #????????????? | | ????????????## ##?????????????# !#????????????? | | ???????????## ###??????????## !=##???????????? | | ?????#######& ##????????##= [!#???????????? | | ????## & & ########## #???????????? | | ????# && ##???????????? | | ###?# ## ####????????????? | | #### ### ############???????????????? | | #### #?## ##?????????????????????????? | | #??## ###???????????????????????? | | #???# ##??????????????????????? | | #### ##??## ####???????????????????? | | ##??# #??## #???????????????????? | | #???# #?## ### #???????????????????? | | #???# #?# ### #???????????????????? | | #???# #?# ## #???????????????????? | +----------------------------------------------------+ Best States ------------- Heat Dissipation 25 Energy Generation 10 Energy Capacity 250 Matter Stores 300 Matter Capacity 300 Sight Range 16 Terrain Scan Range 16 Terrain Scan Density 10 Evasion (%) 50 Targeting Accuracy 5 Item Schematics ----------------- None Robot Schematics ------------------ None Fabricated ------------ Nothing Alien Tech Used ----------------- None Achievements -------------- None Challenges ------------ None Game ------ Seed AntimatterRefineryDetonator Manual? 0 Play Time 00:17:27 Cumulative 37.5 hours Start 2020.09.22 @ 00:58:00 End 2020.09.22 @ 01:14:47 Sessions 1 Manual Loads 0 Difficulty Rogue Special Mode None Game No. 42 Rogue 33 Adventurer 4 Explorer 5 Win Type - Total 0 Types 0/0/0/0/0/0/0/0/0 Lore% 24 Gallery% 32 Achievement% 25 Wizard Run 0 Options --------- ASCII 0 Keyboard 1 Movement Numpad Keybinds 0 Fullscreen 2 Font 18/SmallcapsGlow Map View 76x50 Tactical HUD 1 Map Filters NONE Filters NONE Steam 1 RUN: 6864ec2d-0a57-4a88-a1b8-0f912e0b09b0